 Dungeon Crawl Stone Soup version 0.29.1-12-g30fa7ad0bf (webtiles) character file.

Game seed: 179367519531324059

3365 KittyFluff the Basher (level 10, -8/60 HPs)
             Began as a Gargoyle Fighter on Dec 29, 2022.
             Was a Believer of Trog.
             Mangled by SirLogeyBear's ghost (9 damage)
             ... on level 7 of the Dungeon.
             The game lasted 00:41:21 (8972 turns).

KittyFluff the Basher (Gargoyle Fighter)            Turns: 8972, Time: 00:41:24

Health: -8/60      AC: 18    Str: 19    XL:     10   Next: 3%
Magic:  10/10      EV: 11    Int:  9    God:    Trog [**....]
Gold:   319        SH: 12    Dex: 21    Spells: 9/9 levels left

rFire   . . .      SeeInvis +   a - +0 flail
rCold   + . .      Faith    .   c - +0 buckler
rNeg    + . .      Spirit   .   u - +2 scale mail {rC+}
rPois   ∞          Reflect  +   (no helmet)
rElec   +          Harm     .   (no cloak)
rCorr   .          Rampage  .   E - +0 pair of gloves
Will    +....                   (no boots)
Stlth   +.........              x - amulet of reflection
HPRegen 0.20/turn               B - ring "Sucurr" {rElec Will+ Str-3 Dex+10 SInv}
MPRegen 0.12/turn               (no ring)

@: on berserk cooldown, slowed, very slow
A: sickness immunity, AC +7, negative energy resistance 1, electricity
resistance, torment resistance 1, petrification resistance
a: Renounce Religion, Berserk, Trog's Hand


You were on level 7 of the Dungeon.
You worshipped Trog.
Trog was pleased with you.
You visited 2 branches of the dungeon, and saw 8 of its levels.
You also visited: Sewer.

You collected 439 gold pieces.
You spent 120 gold pieces at shops.

Inventory:

Hand Weapons
 a - a +0 flail (weapon)
 m - a +0 sling
 v - the +5 rapier "Otsamob" {freeze, *Slow rF+ Will++ Dex+3}
   (You found it on level 3 of the Dungeon)

   It freezes those it strikes, dealing additional cold damage.
   It can also slow down cold-blooded creatures.
   Dex:       It affects your dexterity (+3).
   rF:        It protects you from fire.
   *Slow:     It may slow you when you take damage.
   Will:      It greatly increases your willpower.
Missiles
 f - 9 boomerangs
 i - 60 stones (quivered)
 t - 14 poisoned darts
Armour
 b - a +2 leather armour of positive energy
 c - a +0 buckler (worn)
 e - the +3 leather armour of Howling Wind {rC+ rN+ Int-2}
   (You found it on level 2 of the Dungeon)

   Int:       It affects your intelligence (-2).
   rC:        It protects you from cold.
   rN:        It protects you from negative energy.
 u - a +2 scale mail of cold resistance (worn)
 D - the +1 leather armour of the Threshing Gods {Str+2 Int-4 Stlth+}
   (You found it on level 5 of the Dungeon)

   Str:       It affects your strength (+2).
   Int:       It affects your intelligence (-4).
   Stlth:     It makes you more stealthy.
 E - a +0 pair of gloves (worn)
 K - +0 storm dragon scales
Jewellery
 x - an amulet of reflection (around neck)
 B - the ring "Sucurr" (left hand) {rElec Will+ Str-3 Dex+10 SInv}
   (You bought it in a shop on level 3 of the Dungeon)

   [ring of see invisible]

   Str:       It affects your strength (-3).
   Dex:       It affects your dexterity (+10).
   rElec:     It insulates you from electricity.
   SInv:      It lets you see invisible.
   Will:      It increases your willpower.
Wands
 w - a wand of quicksilver (8)
 y - a wand of mindburst (5)
 F - a wand of paralysis (9)
 J - a wand of digging (7)
Scrolls
 g - a scroll of enchant armour {unknown}
 h - 5 scrolls of teleportation {unknown}
 n - a scroll of poison {unknown}
 o - a scroll of noise {unknown}
 p - 2 scrolls of vulnerability {unknown}
 A - a scroll of brand weapon {unknown}
 C - a scroll of amnesia {unknown}
 G - 2 scrolls of fear {unknown}
 H - 2 scrolls of blinking {unknown}
Potions
 d - a potion of might
 j - 3 potions of curing
 k - 4 potions of cancellation
 l - 2 potions of degeneration
 q - a potion of invisibility
 s - a potion of mutation
 z - a potion of heal wounds {unknown}
 I - 2 potions of haste {unknown}
 L - a potion of flight {unknown}


   Skills:
 + Level 5.7 Fighting
 + Level 8.8 Maces & Flails
 + Level 0.6 Throwing
 * Level 8.0 Armour
 + Level 3.2 Dodging
 + Level 3.1 Stealth
 + Level 6.7 Shields


You had 9 spell levels left.
You didn't know any spells.
Your spell library was empty.

Dungeon Overview and Level Annotations

Branches:
Dungeon (7/15)             Temple (1/1) D:5           Sewer (visited)

Altars:
Ashenzari
Cheibriados
Dithmenos
Elyvilon
Fedhas
Gozag
Nemelex Xobeh
Ru
Sif Muna
Trog
Uskayaw
Vehumet
Wu Jian
Xom
Zin
The Shining One

Shops:
D:3 *=

Annotations:
D:7 1 transporter, SirLogeyBear's ghost, novice HOBe


Innate Abilities, Weirdness & Mutations

You are immune to sickness and miasma.
Your stone body is resilient. (AC +7)
You are immune to poison.
You resist negative energy. (rN+)
You are resistant to electric shocks. (rElec)
You are resistant to unholy torment.
You are immune to petrification.


Message History

The killer bee stings you but does no damage.
You completely miss SirLogeyBear's ghost.
SirLogeyBear's ghost is moderately damaged.
The killer bee stings you. The killer bee barely misses you.
SirLogeyBear's ghost hits you!
* * * LOW HITPOINT WARNING * * *
You closely miss SirLogeyBear's ghost.
SirLogeyBear's ghost is moderately damaged.
You block the killer bee's attack. x2
You bludgeon SirLogeyBear's ghost!!
SirLogeyBear's ghost is heavily damaged.
You block the killer bee's attack.
The killer bee stings you but does no damage.
You block SirLogeyBear's ghost's attack.
The killer bee misses you. The killer bee stings you.
* * * LOW HITPOINT WARNING * * *
You hit SirLogeyBear's ghost.
SirLogeyBear's ghost is heavily damaged.
You block the killer bee's attack. The killer bee barely misses you.
SirLogeyBear's ghost barely misses you. The killer bee barely misses you. x2
You barely miss SirLogeyBear's ghost.
SirLogeyBear's ghost is heavily damaged.
The killer bee stings you.
* * * LOW HITPOINT WARNING * * *
You block the killer bee's attack. SirLogeyBear's ghost hits you.
* * * LOW HITPOINT WARNING * * *
You sock SirLogeyBear's ghost!
SirLogeyBear's ghost is severely damaged.
You are no longer berserk.
You are exhausted.
You feel yourself slow down. The killer bee stings you.
* * * LOW HITPOINT WARNING * * *
You block the killer bee's attack.
You barely miss SirLogeyBear's ghost.
SirLogeyBear's ghost is severely damaged.
You block the killer bee's attack. x2; The killer bee barely misses you.
You block the killer bee's attack.
SirLogeyBear's ghost shrieks, "To die, to sleep, no more."
SirLogeyBear's ghost hits you!
You die...

##........###...........# ♣♣♣..
.>...###### ###.........# ♣♣..
.....# #..#......#♣♣♣♣♣... .#..##
#####.........[........ .##.##
##...................... .##..#
##..###.###............#. ##...#
#..#########.)........### .....#
##.###.###W###......#..# #
....####..##...#@y.##......#...##
#...# #...##!#.#y#.##..###.......
#...# ##..##!W.#y.!##.......##..#
##..# ##..#.#.#†#.#$#........#...
.#..###...#!y#...#.(#..##......##
.....###.©#©.#.#.#.©#©.....##..##
..<..# #..#..#...#.!#......###.#.
#.......#.#.#.#y#.#$#......#.....
#.......#.##...#...##............


You could see 3 killer bees and SirLogeyBear's ghost.

Vanquished Creatures
  A hornet (D:7)
  Sigmund (D:3)
  4 yaks
  3 water moccasins
  An orc warrior (D:7)
  2 sky beasts (D:7)
  A black bear (D:7)
  An ice beast (D:7)
  An ogre (D:6)
  A centaur (D:5)
  A phantom (D:6)
  Blork the orc (D:5)
  A kobold brigand (D:7)
  A necrophage (D:4)
  4 wights (D:7)
  3 killer bees (D:7)
  5 howler monkeys
  2 jellies
  2 orc priests (D:6)
  4 hounds
  Terence (D:3)
  3 iguanas (D:4)
  3 orc wizards
  11 adders
  A gnoll (D:4)
  A shadow imp (D:6)
  3 white imps
  An ufetubus (D:6)
  A worm (D:2)
  5 dart slugs
  23 orcs
  7 ball pythons
  5 endoplasms
  3 giant cockroaches
  8 goblins
  8 hobgoblins
  2 jackals (Sewer)
  4 quokkas
  2 bats
  4 frilled lizards
  14 kobolds
  4 rats
  A bush (D:6)
155 creatures vanquished.

Vanquished Creatures (others)
  A butterfly (D:6)
1 creature vanquished.

Grand Total: 156 creatures vanquished

Notes
Turn   | Place    | Note
-------+----------+-------------------------------------------
     0 | D:1      | KittyFluff the Gargoyle Fighter began the quest for the
                  | Orb.
     0 | D:1      | Reached XP level 1. HP: 14/14 MP: 1/1
   478 | D:1      | Found a faded altar of an unknown god.
   494 | D:1      | Reached XP level 2. HP: 16/19 MP: 2/2
  1193 | D:2      | Reached XP level 3. HP: 23/23 MP: 3/3
  1358 | D:2      | Identified the +3 leather armour of Howling Wind {rC+ rN+
                  | Int-2}
  1550 | D:2      | You fall into a shaft and drop 1 floor!
  1573 | D:3      | Found Notisual's Jewellery Boutique.
  1590 | D:3      | Reached XP level 4. HP: 22/28 MP: 4/4
  1759 | D:3      | Noticed Sigmund
  1773 | D:3      | Killed Sigmund
  1774 | D:3      | Reached skill level 1 in Dodging
  1774 | D:3      | Reached XP level 5. HP: 13/33 MP: 5/5
  1774 | D:3      | Reached XP level 6. HP: 15/38 MP: 6/6
  1859 | D:3      | Noticed Terence
  2589 | D:3      | Identified the +5 rapier "Otsamob" {freeze, *Slow rF+
                  | Will++ Dex+3}
  2614 | D:3      | Killed Terence
  2736 | D:3      | Reached skill level 5 in Armour
  2749 | D:3      | Found Ugutifass's Assorted Antiques.
  2799 | D:3      | Found a sacrificial altar of Ru.
  3819 | D:4      | Reached XP level 7. HP: 37/42 MP: 7/7
  3927 | D:3      | Bought a flickering steel ring for 120 gold pieces
  3927 | D:3      | Identified the ring "Sucurr" {rElec Will+ Str-3 Dex+10
                  | SInv} (You bought it in a shop on level 3 of the Dungeon)
  4360 | D:5      | Entered Level 5 of the Dungeon
  4360 | D:5      | Noticed Blork the orc
  4360 | D:5      | Noticed a yak
  4477 | D:5      | Found a staircase to the Ecumenical Temple.
  4487 | Temple   | Entered the Ecumenical Temple
  4538 | Temple   | Became a worshipper of Trog the Wrathful
  4663 | D:5      | Identified the +1 leather armour of the Threshing Gods
                  | {Str+2 Int-4 Stlth+}
  4686 | D:5      | Found an ornate altar of the Wu Jian Council.
  4830 | D:5      | Reached skill level 5 in Maces & Flails
  4848 | D:5      | Killed Blork the orc
  4934 | D:5      | Noticed a yak
  4939 | D:5      | Noticed a yak
  4939 | D:5      | Noticed a yak
  4955 | D:4      | Killed a yak
  4956 | D:4      | Reached skill level 1 in Stealth
  4956 | D:4      | Reached XP level 8. HP: 32/48 MP: 8/8
  5065 | D:4      | Killed a yak
  5066 | D:4      | Reached skill level 5 in Shields
  5079 | D:4      | Killed a yak
  5215 | D:5      | Killed a yak
  5660 | D:6      | Found a white marble altar of Elyvilon.
  5794 | D:6      | Found a glowing drain.
  5798 | D:6      | Reached skill level 5 in Fighting
  5829 | Sewer    | Entered a sewer
  6008 | Sewer    | Reached XP level 9. HP: 43/54 MP: 9/9
  6669 | D:6      | Reached * piety under Trog
  7493 | D:7      | Noticed a hornet
  7518 | D:7      | Killed a hornet
  7627 | D:7      | Found a blossoming altar of Fedhas.
  7688 | D:7      | Noticed SirLogeyBear's ghost (novice HOBe)
  8471 | D:7      | Found a transporter.
  8473 | D:7      | Found a transporter.
  8635 | D:7      | Reached ** piety under Trog
  8925 | D:7      | Reached XP level 10. HP: 43/60 MP: 10/10
  8971 | D:7      | HP: 1/60 [killer bee (4)]
  8972 | D:7      | Mangled by SirLogeyBear's ghost

Illustrated notes

Levels and vault maps discovered:
D:1:      ncdulo_smallfort, layout_loops_ring,
          hellmonk_ecumenical_altar_run_dry, serial_bayou_crossing
D:2:      layout_loops_ring, minmay_misc_feat_square
D:3:      layout_loops_cross, mainiacjoe_overflow_catwalk, serial_shops, shop,
          nicolae_shop_waterfront, uniq_sigmund, uniq_terence
D:4:      layout_basic, cheibrodos_gnoll_hut
D:5:      layout_loops_ring, old_standard_altar, minmay_temple_entry_overgrown,
          water_boxes_lemuel, uniq_blork_the_orc
D:6:      layout_basic, nicolae_elyvilon_peaceful_grove, serial_corexii_hall,
          corexii_hall_statues_x, corexii_hall_statues_s, portal_sewer_entry_d
D:7:      layout_layer_cave, fedhas_altar_fruit_tree, gammafunk_ghost_hive,
          serial_glass, glass_columns_b, glass_columns_a, glass_columns_a,
          glass_columns_a, glass_columns_a
Temple:   kb_temple_of_zot

Skill      XL: |  1  2  3  4  5  6  7  8  9 10 |
---------------+-------------------------------+-----
Armour         | 4 5 6 7 8 |  8.0
Maces & Flails | 4 5 6 8 |  8.8
Dodging        | 1 2 3 |  3.2
Shields        | 4 5 6 |  6.7
Fighting       | 4 5 |  5.7
Stealth        | 1 2 3 |  3.1
Throwing       | |  0.6

Action                   |  1- 3 |  4- 6 |  7- 9 | 10-12 || total
-------------------------+-------+-------+-------+-------++-------
Melee: Flail             |   150 |   196 |   470 |    42 ||   858
Throw: Stone             |       |    15 |     7 |       ||    22
Invok: Berserk           |       |       |     1 |     1 ||     2
  Use: Scroll            |     2 |     2 |     2 |       ||     6
       Potion            |       |     1 |       |     1 ||     2
 Stab: Distracted        |       |     1 |     1 |       ||     2
       Sleeping          |       |       |     2 |       ||     2
Armor: Scale mail        |    69 |       |    23 |    39 ||   131
       Leather armour    |    12 |    66 |    78 |       ||   156
Dodge: Dodged            |    72 |    64 |   146 |    47 ||   329
Block: Buckler           |    31 |    73 |   209 |    68 ||   381
       Reflection        |       |     1 |     6 |       ||     7
